TOP OF THE 1ST |
Santa Fe Diablos batting - Pitching for Montgomery Biscuits : RHP Gabriel Oliuo
|
Pitching: RHP Gabriel Oliuo
|
|
Batting: RHB Félix Campos
|
0-0: SINGLE (Groundball, 4MD)
|
Batting: RHB Tony Barton
|
0-0: Called Strike 0-1: Ball 1-1: Ball 2-1: Ball 3-1: Base on Balls Félix Campos to second
|
Batting: LHB Javier Martínez
|
0-0: Ball 1-0: Foul Ball, location: 2F 1-1: Called Strike Throwing error on steal attempt, E2 Félix Campos scores Tony Barton to third 1-2: Ball Wild Pitch! Tony Barton scores 2-2: Foul Ball, location: 2F 2-2: Ball 3-2: Fly out, F7 (Flyball, 78S)
|
Batting: RHB Chris Rice
|
0-0: Called Strike 0-1: Swinging Strike 0-2: Strikes out swinging
|
Batting: LHB Luis Torres
|
0-0: Ball 1-0: Ball 2-0: SINGLE (Groundball, 56D)
|
Batting: RHB Frank Martínez
|
0-0: Called Strike 0-1: Ball 1-1: Swinging Strike 1-2: Strikes out looking
|
Top of the 1st over - 2 run(s), 2 hit(s), 1 error(s), 1 left on base; Santa Fe 2 - Montgomery 0 |
BOTTOM OF THE 1ST |
Montgomery Biscuits batting - Pitching for Santa Fe Diablos : RHP Jesús Medina
|
Pitching: RHP Jesús Medina
|
|
Batting: RHB Glen MacDonald
|
0-0: Foul Ball, location: 2F 0-1: Ball 1-1: Foul Ball, location: 2F 1-2: DOUBLE (Flyball, 9LM)
|
Batting: RHB Reinaldo Amarante
|
0-0: Called Strike 0-1: Swinging Strike 0-2: Ball 1-2: Ball 2-2: Strikes out swinging
|
Batting: RHB Lorenzo Tamayo
|
0-0: Ground out 1-3 (Groundball, P) Glen MacDonald to third
|
Batting: SHB Marvin López
|
0-0: Fly out, F7 (Line Drive, 7)
|
Bottom of the 1st over - 0 run(s), 1 hit(s), 0 error(s), 1 left on base; Santa Fe 2 - Montgomery 0 |
TOP OF THE 2ND |
Santa Fe Diablos batting - Pitching for Montgomery Biscuits : RHP Gabriel Oliuo
|
Batting: RHB Roberto Rodríguez
|
0-0: Ball 1-0: Ball 2-0: Called Strike 2-1: Foul Ball, location: 2F 2-2: Foul Ball, location: 2F 2-2: DOUBLE (Line Drive, 9LM)
|
Batting: RHB Kyle Vélez
|
0-0: Ball 1-0: Swinging Strike 1-1: Ball 2-1: Foul Ball, location: 2F 2-2: Ball 3-2: Strikes out swinging
|
Batting: SHB Ed Dundee
|
0-0: Called Strike 0-1: Ball 1-1: Ball 2-1: Called Strike Roberto Rodríguez is caught stealing 3rd base 2-2: Ball 3-2: Ground out 4-3 (Groundball, 4)
|
Top of the 2nd over - 0 run(s), 1 hit(s), 0 error(s), 0 left on base; Santa Fe 2 - Montgomery 0 |
BOTTOM OF THE 2ND |
Montgomery Biscuits batting - Pitching for Santa Fe Diablos : RHP Jesús Medina
|
Batting: RHB Frederick Curtis
|
0-0: Ball 1-0: Ball 2-0: Ball 3-0: Called Strike 3-1: Ground out 6-3 (Groundball, 56D)
|
Batting: SHB Wilson Bray
|
0-0: Called Strike 0-1: Ball 1-1: Fly out, F9 (Flyball, 9LM)
|
Batting: RHB Bob McDonald
|
0-0: Ball 1-0: Foul Ball, location: 2F 1-1: Fly out, F8 (Flyball, 89M)
|
Bottom of the 2nd over - 0 run(s), 0 hit(s), 0 error(s), 0 left on base; Santa Fe 2 - Montgomery 0 |
TOP OF THE 3RD |
Santa Fe Diablos batting - Pitching for Montgomery Biscuits : RHP Gabriel Oliuo
|
Batting: RHB Félix Campos
|
0-0: Ball 1-0: Ground out 4-3 (Groundball, 4)
|
Batting: RHB Tony Barton
|
0-0: Ball 1-0: Ball 2-0: Ball 3-0: Called Strike 3-1: Foul Ball, location: 2F 3-2: Ground out 5-3 (Groundball, 5S)
|
Batting: LHB Javier Martínez
|
0-0: Ball 1-0: Foul Ball, location: 2F 1-1: SINGLE (Groundball, 4MD)
|
Batting: RHB Chris Rice
|
0-0: Called Strike 0-1: Ball 1-1: 2-RUN HOME RUN (Flyball, 7D), Distance : 383 ft
|
Batting: LHB Luis Torres
|
0-0: Foul Ball, location: 2F 0-1: Ball 1-1: Foul Ball, location: 2F 1-2: Ball 2-2: Ball 3-2: Strikes out swinging
|
Top of the 3rd over - 2 run(s), 2 hit(s), 0 error(s), 0 left on base; Santa Fe 4 - Montgomery 0 |
BOTTOM OF THE 3RD |
Montgomery Biscuits batting - Pitching for Santa Fe Diablos : RHP Jesús Medina
|
Batting: SHB Lawrence Farley
|
0-0: Foul Ball, location: 2F 0-1: Swinging Strike 0-2: Ball 1-2: Ball 2-2: Ball 3-2: Ground out U3 (Groundball, 3)
|
Batting: LHB Ron Young
|
0-0: Ball 1-0: Ball 2-0: Ball 3-0: Called Strike 3-1: Base on Balls
|
Batting: RHB Glen MacDonald
|
0-0: Ball 1-0: Called Strike 1-1: Called Strike 1-2: Fly out, F7 (Flyball, 7D)
|
Batting: RHB Reinaldo Amarante
|
0-0: Called Strike Ron Young steals 2nd base 0-1: Ball 1-1: Ball 2-1: Fly out, F8 (Flyball, 89S)
|
Bottom of the 3rd over - 0 run(s), 0 hit(s), 0 error(s), 1 left on base; Santa Fe 4 - Montgomery 0 |
TOP OF THE 4TH |
Santa Fe Diablos batting - Pitching for Montgomery Biscuits : RHP Gabriel Oliuo
|
Batting: RHB Frank Martínez
|
0-0: Fly out, F7 (Flyball, 78S)
|
Batting: RHB Roberto Rodríguez
|
0-0: Called Strike 0-1: Ball 1-1: Swinging Strike 1-2: Fly out, F6 (Popup, 56D)
|
Batting: RHB Kyle Vélez
|
0-0: Ball 1-0: Called Strike 1-1: Ball 2-1: Ball 3-1: Foul Ball, location: 2F 3-2: SOLO HOME RUN (Line Drive, 89XD), Distance : 422 ft
|
Batting: SHB Ed Dundee
|
0-0: Ball 1-0: Swinging Strike 1-1: Foul Ball, location: 2F 1-2: SINGLE (Groundball, 4MD)
|
Batting: RHB Félix Campos
|
0-0: Ball Ed Dundee steals 2nd base 1-0: Intentional Walk
|
Batting: RHB Tony Barton
|
0-0: Foul Ball, location: 2F 0-1: Ball 1-1: Fly out, F8 (Flyball, 8LS)
|
Top of the 4th over - 1 run(s), 2 hit(s), 0 error(s), 2 left on base; Santa Fe 5 - Montgomery 0 |
BOTTOM OF THE 4TH |
Montgomery Biscuits batting - Pitching for Santa Fe Diablos : RHP Jesús Medina
|
Batting: RHB Lorenzo Tamayo
|
0-0: Foul Ball, location: 2F 0-1: Foul Ball, location: 2F 0-2: Ball 1-2: Ball 2-2: Ball 3-2: SINGLE (Line Drive, 3D)
|
Batting: SHB Marvin López
|
0-0: Ball 1-0: Foul Ball, location: 2F 1-1: Ball 2-1: Ball 3-1: Foul Ball, location: 2F 3-2: Foul Ball, location: 2F 3-2: Base on Balls Lorenzo Tamayo to second
|
Batting: RHB Frederick Curtis
|
0-0: Called Strike 0-1: Foul Ball, location: 2F 0-2: Ground out 5-3 (Groundball, 5S) Lorenzo Tamayo to third Marvin López to second
|
Batting: SHB Wilson Bray
|
0-0: Foul Ball, location: 2F 0-1: Ball 1-1: Ball 2-1: Swinging Strike 2-2: Ground out 1-3 (Groundball, 13)
|
Batting: RHB Bob McDonald
|
0-0: Called Strike 0-1: Foul Ball, location: 2F 0-2: SINGLE (Line Drive, 56) Lorenzo Tamayo scores Marvin López to third
|
Batting: SHB Lawrence Farley
|
0-0: Foul Ball, location: 2F 0-1: Ball 1-1: Swinging Strike 1-2: Ball 2-2: Ground out 1-3 (Groundball, 15S)
|
Bottom of the 4th over - 1 run(s), 2 hit(s), 0 error(s), 2 left on base; Santa Fe 5 - Montgomery 1 |
TOP OF THE 5TH |
Santa Fe Diablos batting - Pitching for Montgomery Biscuits : RHP Gabriel Oliuo
|
Batting: LHB Javier Martínez
|
0-0: Foul Ball, location: 2F 0-1: Ground out 3-1 (Groundball, 34)
|
Batting: RHB Chris Rice
|
0-0: Called Strike 0-1: Ground out U3 (Groundball, 34S)
|
Batting: LHB Luis Torres
|
0-0: Ball 1-0: Fly out, F8 (Line Drive, 8LM)
|
Top of the 5th over - 0 run(s), 0 hit(s), 0 error(s), 0 left on base; Santa Fe 5 - Montgomery 1 |
BOTTOM OF THE 5TH |
Montgomery Biscuits batting - Pitching for Santa Fe Diablos : RHP Jesús Medina
|
Batting: LHB Ron Young
|
0-0: Foul Ball, location: 2F 0-1: Foul Ball, location: 2F 0-2: Ball 1-2: Strikes out swinging
|
Batting: RHB Glen MacDonald
|
0-0: Ball 1-0: Ball 2-0: Foul Ball, location: 2F 2-1: Called Strike 2-2: Strikes out looking
|
Batting: RHB Reinaldo Amarante
|
0-0: Called Strike 0-1: Ball 1-1: SINGLE (Groundball, 6MD)
|
Batting: RHB Lorenzo Tamayo
|
0-0: Swinging Strike 0-1: Foul Ball, location: 2F 0-2: Ball 1-2: Foul Ball, location: 2F 1-2: Ball 2-2: Foul Ball, location: 2F 2-2: Foul Ball, location: 2F 2-2: SINGLE (Groundball, 6MD) Reinaldo Amarante to second Runner from 2nd tries for 3rd, SAFE, throw made to third
|
Batting: SHB Marvin López
|
0-0: Ball 1-0: Called Strike 1-1: Called Strike 1-2: DOUBLE (Line Drive, 9LM) Reinaldo Amarante scores Lorenzo Tamayo to third Runner from 3rd tries for Home, SAFE, no throw
|
Batting: RHB Frederick Curtis
|
0-0: Foul Ball, location: 2F 0-1: Ball 1-1: Fly out, F9 (Flyball, 9LM)
|
Bottom of the 5th over - 2 run(s), 3 hit(s), 0 error(s), 1 left on base; Santa Fe 5 - Montgomery 3 |
TOP OF THE 6TH |
Santa Fe Diablos batting - Pitching for Montgomery Biscuits : RHP Gabriel Oliuo
|
Batting: RHB Frank Martínez
|
0-0: Called Strike 0-1: Swinging Strike 0-2: Ball 1-2: Foul Ball, location: 2F 1-2: Ground out 5-3 (Groundball, 56)
|
Batting: RHB Roberto Rodríguez
|
0-0: Ball 1-0: Ball 2-0: Ball 3-0: Base on Balls
|
Pitching: RHP Raúl Martínez
|
|
Batting: RHB Kyle Vélez
|
0-0: Called Strike 0-1: Ball 1-1: Called Strike 1-2: Foul Ball, location: 2F 1-2: Foul Ball, location: 2F 1-2: Ball 2-2: Ball 3-2: Strikes out swinging Roberto Rodríguez is caught stealing 2nd base Batter strikes out.
|
Top of the 6th over - 0 run(s), 0 hit(s), 0 error(s), 0 left on base; Santa Fe 5 - Montgomery 3 |
BOTTOM OF THE 6TH |
Montgomery Biscuits batting - Pitching for Santa Fe Diablos : RHP Jesús Medina
|
Pitching: RHP Tomás Rodríguez
|
|
Batting: SHB Wilson Bray
|
0-0: Ball 1-0: SOLO HOME RUN (Flyball, 9D), Distance : 371 ft
|
Batting: RHB Bob McDonald
|
0-0: Swinging Strike 0-1: Ball 1-1: Called Strike 1-2: Ball 2-2: Strikes out swinging
|
Batting: SHB Lawrence Farley
|
0-0: Called Strike 0-1: Ground out 1-3 (Groundball, P)
|
Batting: LHB Ron Young
|
0-0: Called Strike 0-1: Ball 1-1: Ball 2-1: Foul Ball, location: 2F 2-2: Foul Ball, location: 2F 2-2: Ball 3-2: Fly out, F7 (Flyball, 78S)
|
Bottom of the 6th over - 1 run(s), 1 hit(s), 0 error(s), 0 left on base; Santa Fe 5 - Montgomery 4 |
TOP OF THE 7TH |
Santa Fe Diablos batting - Pitching for Montgomery Biscuits : RHP Raúl Martínez
|
Batting: SHB Ed Dundee
|
0-0: Foul Ball, location: 2F 0-1: Swinging Strike 0-2: Ball 1-2: Ball 2-2: Ground out 5-3 (Groundball, 56S)
|
Batting: RHB Félix Campos
|
0-0: Swinging Strike 0-1: Ball 1-1: Ball 2-1: Foul Ball, location: 2F 2-2: Foul Ball, location: 2F 2-2: SINGLE (Flyball, 8LS)
|
Pinch Hitting: RHB Gerald Johnson
|
0-0: Ball 1-0: Called Strike 1-1: Ball 2-1: Foul Ball, location: 2F 2-2: Strikes out looking
|
Batting: LHB Javier Martínez
|
0-0: Swinging Strike 0-1: Foul Ball, location: 2F 0-2: 2-RUN HOME RUN (Flyball, 89XD), Distance : 403 ft
|
Batting: RHB Chris Rice
|
0-0: Swinging Strike 0-1: Called Strike 0-2: Ball 1-2: Strikes out looking
|
Top of the 7th over - 2 run(s), 2 hit(s), 0 error(s), 0 left on base; Santa Fe 7 - Montgomery 4 |
BOTTOM OF THE 7TH |
Montgomery Biscuits batting - Pitching for Santa Fe Diablos : RHP Tomás Rodríguez
|
Now at 2B: Gerald Johnson
|
|
Batting: RHB Glen MacDonald
|
0-0: Foul Ball, location: 2F 0-1: Ball 1-1: Fly out, F6 (Popup, 6D)
|
Batting: RHB Reinaldo Amarante
|
0-0: Foul Ball, location: 2F 0-1: Swinging Strike 0-2: Strikes out swinging
|
Batting: RHB Lorenzo Tamayo
|
0-0: Ball 1-0: Ball 2-0: Ball 3-0: Called Strike 3-1: Called Strike 3-2: SINGLE (Groundball, 4MD)
|
Batting: SHB Marvin López
|
0-0: Called Strike 0-1: Hit by Pitch Lorenzo Tamayo to second
|
Batting: RHB Frederick Curtis
|
0-0: Foul Ball, location: 2F 0-1: Ball 1-1: Fielders Choice at 2nd, 5-4 (Groundball, 5)
|
Bottom of the 7th over - 0 run(s), 1 hit(s), 0 error(s), 1 left on base; Santa Fe 7 - Montgomery 4 |
TOP OF THE 8TH |
Santa Fe Diablos batting - Pitching for Montgomery Biscuits : RHP Raúl Martínez
|
Pitching: RHP Enrique Boyd
|
|
Batting: LHB Luis Torres
|
0-0: SINGLE (Groundball, 34D)
|
Batting: RHB Frank Martínez
|
0-0: Ball Wild Pitch! Luis Torres to second 1-0: Intentional Walk
|
Batting: RHB Roberto Rodríguez
|
0-0: Ball 1-0: Ball 2-0: Sac Bunt - play at first, batter OUT! 1-4 Luis Torres to third Frank Martínez to second
|
Batting: RHB Kyle Vélez
|
0-0: Foul Ball, location: 2F 0-1: Ball 1-1: Ball 2-1: Called Strike 2-2: Ground out 6-3 (Groundball, 6)
|
Batting: SHB Ed Dundee
|
0-0: Foul Ball, location: 2F 0-1: Swinging Strike 0-2: Foul Ball, location: 2F 0-2: Foul Ball, location: 2F 0-2: Ball 1-2: SINGLE (Line Drive, 9S) Luis Torres scores Frank Martínez to third Runner from 3rd tries for Home, SAFE, no throw
|
Pitching: RHP Clancy Steele
|
|
Batting: RHB Félix Campos
|
0-0: Ball Balk! Ed Dundee to second 1-0: Swinging Strike 1-1: Ball 2-1: Swinging Strike 2-2: SINGLE (Groundball, 34D) Ed Dundee to third Runner from 3rd tries for Home, SAFE, no throw
|
Batting: RHB Gerald Johnson
|
0-0: Ball 1-0: Ball 2-0: Called Strike Félix Campos steals 2nd base 2-1: Reached on error, E6 (Groundball, 6D) Félix Campos scores
|
Batting: LHB Javier Martínez
|
0-0: Ground out 4-3 (Groundball, 4)
|
Top of the 8th over - 4 run(s), 3 hit(s), 1 error(s), 1 left on base; Santa Fe 11 - Montgomery 4 |
BOTTOM OF THE 8TH |
Montgomery Biscuits batting - Pitching for Santa Fe Diablos : RHP Tomás Rodríguez
|
Batting: SHB Wilson Bray
|
0-0: Ball 1-0: Foul Ball, location: 2F 1-1: Ball 2-1: Ball 3-1: Base on Balls
|
Batting: RHB Bob McDonald
|
0-0: Ball 1-0: Ball Wild Pitch! Wilson Bray to second 2-0: Swinging Strike 2-1: Called Strike 2-2: Foul Ball, location: 2F 2-2: Ground out 6-3 (Groundball, 6S) Wilson Bray to third
|
Pitching: RHP Héctor Rodríguez
|
|
Batting: SHB Lawrence Farley
|
0-0: SINGLE (Groundball, 56D) Wilson Bray scores
|
Batting: LHB Ron Young
|
0-0: Ball 1-0: Called Strike 1-1: Ball 2-1: Ball 3-1: Called Strike 3-2: Foul Ball, location: 2F 3-2: Base on Balls Lawrence Farley to second
|
Batting: RHB Glen MacDonald
|
0-0: Called Strike 0-1: Ball 1-1: Foul Ball, location: 2F 1-2: Foul Ball, location: 2F 1-2: Fly out, F9 (Flyball, 89M)
|
Batting: RHB Reinaldo Amarante
|
0-0: Called Strike 0-1: Ball 1-1: Foul Ball, location: 2F 1-2: Ball 2-2: Foul Ball, location: 2F 2-2: Strikes out looking
|
Bottom of the 8th over - 1 run(s), 1 hit(s), 0 error(s), 2 left on base; Santa Fe 11 - Montgomery 5 |
TOP OF THE 9TH |
Santa Fe Diablos batting - Pitching for Montgomery Biscuits : RHP Clancy Steele
|
Batting: RHB Chris Rice
|
0-0: SINGLE (Groundball, 56D)
|
Batting: LHB Luis Torres
|
0-0: Called Strike 0-1: Foul Ball, location: 2F 0-2: Ball 1-2: Ball 2-2: Strikes out swinging
|
Batting: RHB Frank Martínez
|
0-0: Called Strike 0-1: Swinging Strike 0-2: Ball 1-2: Foul Ball, location: 2F 1-2: Ball 2-2: Strikes out swinging
|
Batting: RHB Roberto Rodríguez
|
0-0: Called Strike Chris Rice steals 2nd base 0-1: Swinging Strike 0-2: Ball 1-2: Ground out 6-3 (Groundball, 6)
|
Top of the 9th over - 0 run(s), 1 hit(s), 0 error(s), 1 left on base; Santa Fe 11 - Montgomery 5 |
BOTTOM OF THE 9TH |
Montgomery Biscuits batting - Pitching for Santa Fe Diablos : RHP Héctor Rodríguez
|
Now at 1B: Tim Adkins
|
|
Now at 3B: David Taylor
|
|
Batting: RHB Lorenzo Tamayo
|
0-0: Called Strike 0-1: Ball 1-1: SINGLE (Groundball, 3D)
|
Batting: SHB Marvin López
|
0-0: SINGLE (Line Drive, 8RS) Lorenzo Tamayo to second
|
Batting: RHB Frederick Curtis
|
0-0: Called Strike 0-1: Grounds into double play, 4-6-3 (Groundball, 4) Lorenzo Tamayo to third
|
Batting: SHB Wilson Bray
|
0-0: Foul Ball, location: 2F 0-1: Ball 1-1: Ball 2-1: Foul Ball, location: 2F 2-2: Foul Ball, location: 2F 2-2: Ball 3-2: Foul Ball, location: 2F 3-2: Fly out, F9 (Flyball, 9S)
|
Bottom of the 9th over - 0 run(s), 2 hit(s), 0 error(s), 1 left on base; Santa Fe 11 - Montgomery 5 |
|